 Dungeon Crawl Stone Soup version 0.27.1-34-g3ba077fa99 (webtiles) character file.

Game seed: 892422643193223307

5914 fmudanyali the Fighter (level 10, -7/68 HPs)
             Began as a Gargoyle Fighter on Jan 7, 2022.
             Was a Priest of the Shining One.
             Killed by divine providence
             ... invoked by an orc priest
              (12 damage)
             ... on level 8 of the Dungeon.
             The game lasted 00:15:49 (8627 turns).

fmudanyali the Fighter (Gargoyle Fighter)           Turns: 8627, Time: 00:15:49

Health: -7/68      AC: 22    Str: 22    XL:     10   Next: 83%
Magic:  15/15      EV:  6    Int: 10    God:    the Shining One [***...]
Gold:   426        SH: 20    Dex:  9    Spells: 9/9 levels left

rFire    . . .     SeeInvis .   E - +5 flail (freeze)
rCold    + . .     Faith    .   r - +4 kite shield
rNeg     + + .     Spirit   .   n - +0 chain mail
rPois    ∞         Reflect  +   (no helmet)
rElec    +         Harm     .   t - +0 cloak
rCorr    .         Rampage  .   k - +0 pair of gloves
Will     .....                  l - +0 pair of boots
Stlth    ..........             p - amulet of reflection
HPRegen  0.21/turn              q - ring of protection from cold
MPRegen  0.14/turn              (no ring)

@: slowed, glowing, very slow
A: sickness immunity, AC +7, negative energy resistance 1, electricity
resistance, torment resistance 1, petrification resistance
a: Renounce Religion, Divine Shield


You were on level 8 of the Dungeon.
You worshipped the Shining One.
The Shining One was most pleased with you.
You visited 1 branch of the dungeon, and saw 10 of its levels.

You collected 426 gold pieces.

Inventory:

Hand Weapons
 a - a +0 flail
 g - a +2 mace of venom
 D - a +3 morningstar
 E - a +5 flail of freezing (weapon)
Armour
 b - a +0 scale mail
 c - a +0 kite shield
 k - a +0 pair of gloves (worn)
 l - a +0 pair of boots (worn)
 n - a +0 chain mail (worn)
 r - a +4 kite shield (worn)
 s - a +0 pair of gloves
 t - a +0 cloak (worn)
Jewellery
 p - an amulet of reflection (around neck)
 q - a ring of protection from cold (left hand)
 v - an amulet of regeneration
 x - a ring of fire
 C - a ring of wizardry
Wands
 y - a wand of polymorph (1)
 B - a wand of iceblast (17)
Scrolls
 i - 2 scrolls of amnesia
 m - 5 scrolls of identify
Potions
 d - a potion of might
 e - a potion of brilliance
 f - 2 potions of heal wounds
 h - 2 potions of curing
 j - a potion of lignification
 o - a potion of haste
 u - a potion of magic {unknown}
 w - 2 potions of berserk rage
 z - 2 potions of mutation {unknown}


   Skills:
 * Level 10.3 Fighting
 + Level 7.1 Maces & Flails
 + Level 8.0 Armour
 - Level 0.3 Dodging
 - Level 0.1 Stealth
 + Level 7.9 Shields
 + Level 6.7 Invocations


You had 9 spell levels left.
You didn't know any spells.
Your spell library contained the following spells:

 Spells                   Type           Power      Damage    Failure   Level
 Tukima's Dance           Hex            0%         N/A       100%        3
 Passage of Golubria      Tloc           N/A        N/A       100%        4
 Yara's Violent Unravell  Hex/Tmut       0%         3d3       100%        5


Dungeon Overview and Level Annotations

Branches:
Dungeon (10/15)            Temple (0/1) D:6
   Lair: D:8-11         Orc: D:9-12

Altars:
Fedhas
Gozag
Kikubaaqudgha
Qazlal
Ru
The Shining One

Annotations:
D:8 Gastronok


Innate Abilities, Weirdness & Mutations

You are immune to sickness and miasma.
Your stone body is resilient. (AC +7)
You are immune to poison.
You resist negative energy. (rN+)
You are resistant to electric shocks. (rElec)
You are resistant to unholy torment.
You are immune to petrification.


Message History

Found a stone staircase leading up.
You block the jelly's attack.
You bludgeon the jelly!! You freeze the jelly.
You kill the jelly!
Your Armour skill increases to level 8!
No target in view!
No target in view!
You now have 426 gold pieces (gained 10).
Found a blossoming altar of Fedhas.
Found an escape hatch in the floor.
Found 6 boomerangs.
Gastronok the Ponderous comes into view.
He is wearing a +1 hat of willpower.
Gastronok gurgles horribly!
Gastronok waves his eye-stalks in wide circles.
The air twists around and strikes you!!
You see here 6 boomerangs.
Gastronok waves his eye-stalks in wide circles.
The air twists around and strikes you!
You are too injured to fight recklessly!
You are too injured to fight recklessly!
You see here 6 boomerangs.
Gastronok looks at you and mumbles some strange words.
You feel yourself slow down.
Gastronok sloshes about.
Gastronok waves his eye-stalks in wide circles.
The air twists around and strikes you!!
Ouch! That really hurt!
* * * LOW HITPOINT WARNING * * *
Gastronok glows a brilliant shade of cerise.
An orc priest comes into view. It is wielding a +0 short sword.
An orc and an orc priest come into view.
The orc shouts!
The orc priest shouts!
You thump the orc priest! You freeze the orc priest.
The orc priest is severely wounded.
You block the orc priest's attack.
The orc priest hits you but does no damage.
You hit the orc priest. You freeze the orc priest.
The orc priest is almost dead.
The orc priest calls down the wrath of Beogh upon you.
Beogh smites you!
You die...

. .# . .#
.######.#####
#.#.........# #..
#.#.........# #..#
#.#.........# #..#
###.#..o.o....# #..#
#......@o.....#
#..###.#.########### ♣
#......#.####
♣.♣#...........#
♣.............#
♣.♣#...........#
#...........#
#...........#
#...........##########


You could see 2 orc priests and an orc.

Vanquished Creatures
  A two-headed ogre (D:9)
  Joseph (D:8)
  Maggie (D:8)
  A gargoyle (D:10)
  A troll (D:9)
  A hornet (D:9)
  Grinder (D:3)
  A yak (D:9)
  2 wyverns (D:9)
  A steam dragon (D:10)
  2 water moccasins
  An acid dragon (D:10)
  An orc warrior (D:10)
  4 ogres
  3 necrophages
  2 centaurs
  A bullfrog (D:6)
  A water moccasin zombie (D:3)
  A water moccasin skeleton (D:5)
  13 killer bees
  10 wights
  2 centaur zombies
  A hound (D:5)
  3 jellies
  A gnoll shaman (D:9)
  2 iguanas
  2 orc wizards
  A hound zombie (D:5)
  A hound skeleton (D:5)
  6 gnolls
  2 river rats (D:4)
  4 adders
  A shadow imp (D:6)
  A white imp (D:6)
  An ufetubus (D:5)
  An adder skeleton (D:4)
  2 worms (D:4)
  3 dart slugs
  12 orcs
  5 bats
  3 endoplasms
  3 giant cockroaches
  9 goblins
  7 hobgoblins
  7 jackals
  3 quokkas
  5 ball pythons
  3 frilled lizards
  6 kobolds
  8 rats
155 creatures vanquished.

Vanquished Creatures (others)
  A white imp (D:8)
1 creature vanquished.

Grand Total: 156 creatures vanquished

Notes
Turn   | Place    | Note
-------+----------+-------------------------------------------
     0 | D:1      | fmudanyali the Gargoyle Fighter began the quest for the
                  | Orb.
     0 | D:1      | Reached XP level 1. HP: 14/14 MP: 1/1
    54 | D:1      | Reached XP level 2. HP: 6/19 MP: 2/2
   600 | D:1      | Reached XP level 3. HP: 13/23 MP: 3/3
  1284 | D:2      | Reached XP level 4. HP: 24/28 MP: 4/4
  1352 | D:2      | Found a faded altar of an unknown god.
  1938 | D:2      | Identified a scroll of acquirement
  1938 | D:2      | Acquired a +2 mace of protection
  2330 | D:3      | Found a glowing golden altar of the Shining One.
  2352 | D:3      | Became a worshipper of the Shining One
  2363 | D:3      | Found a sacrificial altar of Ru.
  2469 | D:3      | Reached skill level 4 in Fighting
  2469 | D:3      | Reached XP level 5. HP: 33/33 MP: 5/5
  2837 | D:3      | Noticed Grinder
  2852 | D:3      | Paralysed by Grinder for 5 turns
  2865 | D:3      | Paralysed by Grinder for 4 turns
  2872 | D:3      | Paralysed by Grinder for 5 turns
  2877 | D:3      | Killed Grinder
  2878 | D:3      | Reached skill level 1 in Invocations
  2878 | D:3      | Reached XP level 6. HP: 16/40 MP: 5/7
  3362 | D:4      | Reached skill level 5 in Fighting
  3408 | D:4      | Found a glowing drain.
  3544 | D:4      | Reached XP level 7. HP: 29/44 MP: 8/8
  4010 | D:4      | Reached skill level 5 in Armour
  4243 | D:5      | Entered Level 5 of the Dungeon
  4289 | D:5      | Reached skill level 5 in Shields
  4306 | D:5      | Reached * piety under the Shining One
  4369 | D:5      | Reached skill level 6 in Fighting
  4369 | D:5      | Reached XP level 8. HP: 47/51 MP: 10/10
  4401 | D:5      | Found an ancient bone altar of Kikubaaqudgha.
  4815 | D:5      | Identified the +1 leather armour "Qygeymm" {Dex+6}
  5057 | D:6      | Reached skill level 5 in Maces & Flails
  5073 | D:6      | Reached skill level 7 in Fighting
  5110 | D:6      | Found a staircase to the Ecumenical Temple.
  5772 | D:6      | Reached XP level 9. HP: 39/57 MP: 12/12
  5967 | D:7      | Reached ** piety under the Shining One
  6004 | D:7      | Reached skill level 8 in Fighting
  6035 | D:7      | You fall into a shaft and drop 3 floors!
  6035 | D:10     | Entered Level 10 of the Dungeon
  6039 | D:10     | Noticed a gargoyle
  6044 | D:10     | Killed a gargoyle
  6055 | D:10     | Reached skill level 5 in Invocations
  6262 | D:10     | Found a stormy altar of Qazlal.
  6301 | D:10     | Found an opulent altar of Gozag.
  6488 | D:9      | Noticed a hornet
  6496 | D:9      | Reached skill level 9 in Fighting
  6498 | D:9      | Killed a hornet
  6499 | D:9      | Reached XP level 10. HP: 50/66 MP: 14/14
  7341 | D:9      | Reached *** piety under the Shining One
  7791 | D:9      | Noticed a two-headed ogre
  7799 | D:9      | Killed a two-headed ogre
  7800 | D:9      | Reached skill level 10 in Fighting
  8122 | D:8      | Noticed Joseph
  8122 | D:8      | Noticed Maggie
  8425 | D:8      | Killed Maggie
  8436 | D:8      | Killed Joseph
  8596 | D:8      | Found a blossoming altar of Fedhas.
  8600 | D:8      | Noticed Gastronok
  8617 | D:8      | HP: 2/68 [Gastronok/the air (35)]
  8627 | D:8      | Killed from afar by an orc priest

Illustrated notes

Levels and vault maps discovered:
D:1:      dpeg_arrival_tiny_a, layout_basic
D:2:      layout_basic, shapermc_ecumenical_altar_starsandcircs,
          minmay_misc_feat_enclosed
D:3:      layout_basic, mainiacjoe_overflow_swirl, uniq_grinder
D:4:      layout_gridville, lightli_sewer_entry_pipes, grunt_ministairs_13
D:5:      lemuel_ice_spiral_2, layout_rooms, mainiacjoe_overflow_chevrons
D:6:      layout_loops_ring, minmay_temple_entry_mini_moons
D:7:      layout_basic, kennysheep_generic_room_2, uniq_menkaure, uniq_harold
D:8:      nzn_winding_woodlands_cross [nzn_winding_woodlands_5x15_split_checker,
          nzn_winding_woodlands_5x15_pathside_ponds,
          nzn_winding_woodlands_5x15_twine, nzn_winding_woodlands_5x15_parted,
          nzn_winding_woodlands_15x15_thick_spiral], layout_rooms,
          fedhas_ov_isle_minmay, gammafunk_ghost_spectres, grunt_potential,
          uniq_maggie, uniq_joseph, uniq_gastronok
D:9:      layout_stronghold, grunt_ministairs_4
D:10:     layout_irregular_city, grunt_qazlal_sundering,
          nicolae_gozag_seed_capital, nicolae_twisting_strands, minmay_holes,
          hangedman_decor_riveting

Skill      XL: |  1  2  3  4  5  6  7  8  9 10 |
---------------+-------------------------------+-----
Maces & Flails | 3 4 5 6 7 |  7.1
Armour         | 4 5 6 7 8 |  8.0
Fighting       | 4 5 6 7 9 10 | 10.3
Shields        | 4 5 6 7 |  7.9
Invocations    | 1 2 3 4 5 6 |  6.7
Dodging        | |  0.3
Stealth        | |  0.1

Action                   |  1- 3 |  4- 6 |  7- 9 | 10-12 || total
-------------------------+-------+-------+-------+-------++-------
Melee: Flail             |    97 |    56 |       |    28 ||   181
       Mace              |       |   129 |   227 |    83 ||   439
  Use: Scroll            |       |     4 |     6 |     5 ||    15
Armor: Scale mail        |    94 |    34 |       |       ||   128
       Chain mail        |       |    67 |   178 |    60 ||   305
       Skin              |       |       |       |     1 ||     1
Dodge: Dodged            |    61 |    40 |    58 |    39 ||   198
Block: Kite shield       |    72 |   105 |   271 |   135 ||   583
       Reflection        |       |       |     5 |     8 ||    13
